 Dungeon Crawl Stone Soup version 0.20.0-15-g7f486f2 (webtiles) character file.

53428 mike2R the Basher (level 14, -3/77 HPs)
             Began as a Gargoyle Fighter on June 17, 2017.
             Was a Priest of Uskayaw.
             Slain by an orc warrior
             ... wielding a +0 trident
             ... led by an orc warlord
              (17 damage)
             ... on level 1 of the Orcish Mines on June 30, 2017.
             The game lasted 03:02:41 (23781 turns).

mike2R the Basher (Gargoyle Fighter)               Turns: 23781, Time: 03:02:41

Health: -3/77      AC: 26    Str: 20    XL:     14   Next: 68%
Magic:  18/20      EV: 14    Int: 14    God:    Uskayaw [***...]
Gold:   659        SH: 17    Dex: 16    Spells: 9/13 levels left

rFire    . . .     SeeInvis .   a - +2 flail (crush)
rCold    + . .     Gourm    .   A - +0 shield
rNeg     + + .     Faith    .   q - +2 ring mail {rC+}
rPois    ∞         Spirit   .   l - +1 helmet
rElec    +         Reflect  +   Z - +0 cloak
rCorr    .         Harm     .   t - +0 pair of fencer's gloves {+Riposte Dex+3}
MR       +....                  z - +1 pair of boots
Stlth    +++.......             c - +5 amulet of reflection
Regen    0.3/turn               V - ring of stealth
MPRegen  0.2/turn               g - ring of positive energy

@: flying
A: big wings, thin skeletal structure 2, clever 1, frail 1, negative energy
resistance 1, electricity resistance, weak 1, unbreathing, petrification
resistance, rot immunity, AC +9
a: Stop Flying, Stomp, Line Pass, Renounce Religion


You were on level 1 of the Orcish Mines.
You worshipped Uskayaw.
Uskayaw was aware of your devotion.
You were hungry.

You visited 3 branches of the dungeon, and saw 19 of its levels.

You collected 1125 gold pieces.
You spent 466 gold pieces at shops.

Inventory:

Hand Weapons
 a - a +2 flail of crushing (weapon)
 b - a +7 blowgun
Missiles
 K - 6 poisoned javelins (quivered)
 L - 2 curare-tipped needles
 N - 72 poisoned needles
Armour
 l - a +1 helmet (worn)
 q - a +2 ring mail of cold resistance (worn)
 t - the +0 pair of fencer's gloves (worn) {+Riposte Dex+3}
   (You found it on level 5 of the Lair of Beasts)

   It affects your dexterity (+3).
 z - a +1 pair of boots (worn)
 A - a +0 shield (worn)
 D - a +1 plate armour of cold resistance
 Z - a +0 cloak (worn)
Jewellery
 c - a +5 amulet of reflection (around neck)
 g - a ring of positive energy (right hand)
 s - an uncursed amulet of magic regeneration
 J - an uncursed ring of see invisible
 V - a ring of stealth (left hand)
Wands
 n - a wand of paralysis (7/24)
 v - a wand of iceblast (1/15)
 y - a wand of acid (6/15)
 B - a wand of acid (4/15)
 G - a wand of confusion (10/48)
 M - a wand of polymorph (13/24)
Scrolls
 e - a scroll of vulnerability {unknown}
 h - a scroll of brand weapon {unknown}
 j - 5 scrolls of fear
 m - 8 scrolls of teleportation
 u - a scroll of fog {unknown}
 x - a scroll of magic mapping
 I - a scroll of recharging {unknown}
 Q - a scroll of torment {unknown}
 R - 2 scrolls of enchant weapon {unknown}
 T - a scroll of noise {unknown}
Potions
 d - 5 potions of might
 k - a potion of resistance
 o - 2 potions of cancellation
 p - 8 potions of curing
 r - a potion of ambrosia {unknown}
 w - 4 potions of invisibility
 E - 6 potions of haste
 F - 8 potions of degeneration
 H - 2 potions of berserk rage
 S - 2 potions of agility
 Y - a potion of heal wounds {unknown}
Miscellaneous
 i - a lightning rod (1/4)
Comestibles
 f - 13 bread rations
 O - 5 fruits
 P - 9 meat rations
 U - 2 royal jellies


   Skills:
 - Level 9.2 Fighting
 - Level 12.5 Maces & Flails
 - Level 4.1 Throwing
 - Level 10.7 Armour
 - Level 6.0 Dodging
 - Level 9.0 Shields
 + Level 3.0 Conjurations
 - Level 8.5 Summonings
 - Level 9.0 Invocations
 - Level 6.9 Evocations


You had 9 spell levels left.
You knew the following spells:

 Your Spells              Type           Power        Failure   Level  Hunger
a - Summon Butterflies    Summ           ###.....     2%          1    ##.....
b - Conjure Flame         Conj/Fire      #.......     83%         3    ####...


Dungeon Overview and Level Annotations

Branches:
Dungeon (12/15)            Temple (0/1) D:5            Lair (6/6) D:11
 Shoals (0/4) Lair:4       Spider (0/4) Lair:2        Slime (0/5) Lair:5
    Orc (1/2) D:12

Altars:
Elyvilon
Fedhas
Gozag
Kikubaaqudgha
Makhleb
Nemelex Xobeh
Okawaru
Ru
Sif Muna
Uskayaw
Vehumet
Xom
Yredelemnul
Zin
The Shining One
Jiyva

Shops:
D:5 ?*[   D:11 %


Innate Abilities, Weirdness & Mutations

You are resistant to torment.
Your stone body is resilient. (AC +9)
You are immune to poison.
Your large and strong wings let you fly indefinitely.
You resist negative energy. (rN+)
You are resistant to electric shocks. (rElec)
You can survive without breathing.
You are immune to petrification.
You are immune to rotting.
You have a moderately thin skeletal structure. (Dex +4, Stealth+)
Your mind is acute. (Int +2)
You are frail. (-10% HP)
You are weak. (Str -2)


Message History

The orcs go into a battle-frenzy!
The orc warrior hits you from afar with a trident.
The orc warrior closely misses you.
You riposte.
Your shield and ring mail prevent you from hitting the orc warrior.
Uskayaw will force your foes to helplessly watch your dance.
Uskayaw prepares the audience for your solo!
The helpless orc warlord fails to defend itself.
You hit the orc warlord but do no damage.
The orc warlord is moderately wounded.
A troll comes into view.
The helpless orc warlord fails to defend itself.
You sock the orc warlord!
The orc warlord is heavily wounded.
The orc warrior is no longer paralysed.
The orc warlord is no longer paralysed.
The orc warrior is no longer paralysed. x2
The orc warrior hits you with a short sword!
The orc warlord hits you with a war axe of electrocution!!
* * * LOW HITPOINT WARNING * * *
The orc warrior hits you from afar with a trident!
You die...

.#..... #.###
.#..... $... .
#.$... #... ..
#..... ...#...
#....)#.......
.#..)oo........
.#...)ooo...$.#
#...oo@o..o.To
#....oo...#..#
.....$.o..o...{
.............##
.#...........#
..#.........##
. .#....#...#
...$.......#


You could see an orc warlord, a troll, 8 orc warriors, an orc priest and 4 orcs.

Vanquished Creatures
  4 hydras
  Harold (Lair:2)
  3 catoblepae (Lair:6)
  3 two-headed ogres
  Maurice (D:10)
  5 death yaks (Lair:6)
  Urug (D:12)
  Nergalle (D:12)
  An ugly thing (D:11)
  3 manticores
  3 merfolk sirens (Lair:4)
  10 elephants
  6 black mambas
  A torpor snail (Lair:6)
  A gargoyle (D:11)
  13 spiny frogs
  9 rime drakes
  7 komodo dragons
  5 jumping spiders (Lair:2)
  2 trolls (D:11)
  A merfolk (Lair:4)
  A hornet (D:9)
  4 blink frogs (Lair:6)
  2 dream sheep (Lair:6)
  7 hippogriffs
  A spriggan (D:7)
  A shadow (D:12)
  43 yaks
  8 basilisks
  A wraith (D:10)
  3 redbacks (Lair:2)
  The ghost of Soyweiser the Ogre Mage, an amateur OgWz (D:5)
  8 wyverns
  Grum (D:8)
  6 vampire mosquitoes
  A warg (D:11)
  11 water moccasins
  8 porcupines
  A swamp drake (D:12)
  A black bear (D:11)
  3 ice beasts
  4 sky beasts
  7 orc warriors
  A necrophage (D:11)
  2 hornet zombies
  2 phantoms
  2 centaurs
  22 wolves
  4 ogres
  9 crocodiles
  2 big kobolds
  14 bullfrogs
  2 gnoll sergeants
  4 scorpions
  A water moccasin skeleton (D:10)
  4 howler monkeys
  8 wights (D:10)
  7 crimson imps
  2 centaur zombies
  3 bullfrog zombies
  3 jellies
  A quasit (D:9)
  3 hounds (D:9)
  8 orc priests
  2 bullfrog skeletons (D:10)
  7 orc wizards
  An iguana (D:5)
  4 worker ants
  3 killer bee zombies
  A hound zombie (D:6)
  2 worker ant zombies
  17 gnolls
  A howler monkey skeleton (D:5)
  12 adders
  2 shadow imps
  A white imp (D:5)
  An ooze (D:1)
  An adder zombie (D:6)
  2 adder skeletons
  2 dart slugs
  9 leopard geckos
  52 orcs
  7 giant cockroaches
  5 goblins (D:2)
  7 hobgoblins
  7 jackals
  15 kobolds
  5 quokkas
  6 bats
  6 frilled lizards
  A leopard gecko skeleton (D:4)
  A quokka zombie (D:9)
  7 rats
  A fungus (Lair:2)
  A plant (Lair:6)
497 creatures vanquished.

Vanquished Creatures (collateral kills)
  A hippogriff (D:10)
  A bullfrog (D:10)
2 creatures vanquished.

Vanquished Creatures (others)
  A basilisk (Lair:4)
  A wyvern (Lair:4)
  A bat (D:1)
  A bush (Lair:6)
  16 fungi
  21 plants
41 creatures vanquished.

Grand Total: 540 creatures vanquished

Notes
Turn   | Place    | Note
-------+----------+-------------------------------------------
     0 | D:1      | mike2R the Gargoyle Fighter began the quest for the Orb.
     0 | D:1      | Reached XP level 1. HP: 14/14 MP: 1/1
   231 | D:1      | Reached XP level 2. HP: 15/19 MP: 2/2
   380 | D:1      | Reached skill level 3 in Maces & Flails
   838 | D:1      | Reached XP level 3. HP: 22/23 MP: 3/3
  1128 | D:2      | Noticed a dagger
  1128 | D:2      | Found a hide-covered altar of Uskayaw.
  1128 | D:2      | Noticed a hand axe
  1133 | D:2      | Became a worshipper of Uskayaw the Reveler
  1184 | D:2      | Reached skill level 4 in Maces & Flails
  1214 | D:2      | Reached * piety under Uskayaw
  1315 | D:2      | Found a blossoming altar of Fedhas.
  1320 | D:2      | Found a shimmering altar of Xom.
  1321 | D:2      | Found a burning altar of Makhleb.
  1371 | D:2      | Reached XP level 4. HP: 24/28 MP: 4/4
  1623 | D:2      | Reached skill level 1 in Invocations
  1676 | D:2      | Reached ** piety under Uskayaw
  1693 | D:2      | Found a sparkling altar of Nemelex Xobeh.
  1800 | D:3      | Found an ancient bone altar of Kikubaaqudgha.
  1887 | D:3      | Found a deep blue altar of Sif Muna.
  1888 | D:3      | Found a radiant altar of Vehumet.
  1893 | D:3      | Identified Sif Muna's Grimoire of the Escort
  1897 | D:3      | Learned a level 1 spell: Summon Butterflies
  2120 | D:3      | Reached XP level 5. HP: 25/32 MP: 5/7
  2322 | D:3      | Gained mutation: You do not regenerate when monsters are visible. [potion of mutation]
  2322 | D:3      | Gained mutation: Your body sometimes deteriorates upon taking damage. [potion of mutation]
  2322 | D:3      | Gained mutation: Your spells are a little harder to cast, but a little more powerful. [potion of mutation]
  2322 | D:3      | Gained mutation: You are agile. (Dex +2) [potion of mutation]
  2323 | D:3      | Lost mutation: Your spells are a little harder to cast, but a little more powerful. [potion of mutation]
  2323 | D:3      | Lost mutation: Your body sometimes deteriorates upon taking damage. [potion of mutation]
  2323 | D:3      | Lost mutation: You are agile. (Dex +2) [potion of mutation]
  2323 | D:3      | Gained mutation: Your spells are a little harder to cast, but a little more powerful. [potion of mutation]
  2323 | D:3      | Gained mutation: You have a somewhat thin skeletal structure. (Dex +2, Stealth) [potion of mutation]
  2457 | D:4      | Noticed an ogre
  2466 | D:4      | Killed an ogre
  2523 | D:4      | Reached XP level 6. HP: 32/37 MP: 7/9
  2928 | D:4      | Reached skill level 5 in Maces & Flails
  3187 | D:5      | Entered Level 5 of the Dungeon
  3229 | D:5      | Noticed Soyweiser's ghost (amateur OgWz)
  3273 | D:5      | Reached XP level 7. HP: 39/41 MP: 7/10
  3399 | D:5      | Found Duajee's Assorted Antiques.
  3414 | D:5      | Bought a diamond ring for 130 gold pieces
  3457 | D:5      | Reached *** piety under Uskayaw
  3725 | D:5      | Reached skill level 5 in Armour
  3945 | D:5      | Found a staircase to the Ecumenical Temple.
  3984 | D:5      | Found Xotystru's Magic Scroll Boutique.
  3992 | D:5      | Bought a scroll of identify for 24 gold pieces
  4148 | D:5      | Found Vimuw's Antique Armour Boutique.
  4466 | D:5      | Killed Soyweiser's ghost
  4466 | D:5      | Reached XP level 8. HP: 46/46 MP: 1/11
  4766 | D:5      | Reached skill level 1 in Summonings
  5642 | D:6      | Reached skill level 5 in Summonings
  6206 | D:6      | Reached XP level 9. HP: 52/52 MP: 12/12
  6216 | D:6      | Reached skill level 5 in Fighting
  6273 | D:6      | Reached **** piety under Uskayaw
  6279 | D:6      | Reached ***** piety under Uskayaw
  7242 | D:7      | Found a sacrificial altar of Ru.
  7333 | D:7      | Found an opulent altar of Gozag.
  7448 | D:7      | Found a basalt altar of Yredelemnul.
  7557 | D:7      | Found a glowing silver altar of Zin.
  7557 | D:7      | Found a white marble altar of Elyvilon.
  7557 | D:7      | Found a glowing golden altar of the Shining One.
  8006 | D:8      | Noticed a two-headed ogre
  8015 | D:8      | Killed a two-headed ogre
  8015 | D:8      | Reached XP level 10. HP: 50/61 MP: 13/13
  8167 | D:8      | Reached skill level 6 in Maces & Flails
  8202 | D:8      | Found a shimmering altar of Xom.
  8204 | D:8      | Found a shimmering altar of Xom.
  8204 | D:8      | Found a shimmering altar of Xom.
  8345 | D:8      | Noticed Grum
  8579 | D:8      | Killed Grum
  8579 | D:8      | Reached skill level 7 in Maces & Flails
  8695 | D:8      | Found an iron altar of Okawaru.
  9232 | D:9      | Reached skill level 8 in Maces & Flails
  9578 | D:10     | Entered Level 10 of the Dungeon
  9857 | D:10     | Reached skill level 9 in Maces & Flails
  9935 | D:10     | Reached skill level 10 in Maces & Flails
 10130 | D:10     | Noticed Maurice
 10144 | D:10     | Reached skill level 5 in Invocations
 10144 | D:10     | Reached XP level 11. HP: 63/66 MP: 10/15
 10181 | D:10     | Killed Maurice
 10659 | D:11     | Gained mutation: You are clumsy. (Dex -2) [mutagenic meat]
 10662 | D:11     | Lost mutation: Your spells are a little harder to cast, but a little more powerful. [potion of mutation]
 10662 | D:11     | Lost mutation: You are clumsy. (Dex -2) [potion of mutation]
 10662 | D:11     | Lost mutation: You do not regenerate when monsters are visible. [potion of mutation]
 10662 | D:11     | Gained mutation: You expend magic power (3 MP) to strengthen your wands. [potion of mutation]
 10662 | D:11     | Gained mutation: You are partially covered in rugged brown scales. (AC +1, +3% HP) [potion of mutation]
 10716 | D:11     | Noticed a two-headed ogre
 10735 | D:11     | Reached skill level 1 in Evocations
 10746 | D:11     | Killed a two-headed ogre
 10773 | D:11     | Noticed Sonja
 10781 | D:11     | Noticed Sonja
 10781 | D:11     | Sonja changed into Sonja the warg
 10787 | D:11     | Killed Sonja the warg
 11453 | D:11     | Noticed a red ugly thing
 11474 | D:11     | Killed a red ugly thing
 11474 | D:11     | Reached skill level 5 in Evocations
 11642 | D:11     | Gained mutation: Potions are less effective at restoring your health. [mutagenic meat]
 11693 | D:11     | Found a staircase to the Lair.
 11732 | Lair:1   | Entered Level 1 of the Lair of Beasts
 12482 | Lair:1   | Lost mutation: You are partially covered in rugged brown scales. (AC +1, +3% HP) [potion of mutation]
 12482 | Lair:1   | Lost mutation: Potions are less effective at restoring your health. [potion of mutation]
 12482 | Lair:1   | Lost mutation: You expend magic power (3 MP) to strengthen your wands. [potion of mutation]
 12482 | Lair:1   | Gained mutation: Your mind is acute. (Int +2) [potion of mutation]
 12482 | Lair:1   | Gained mutation: You are weak. (Str -2) [potion of mutation]
 12482 | Lair:1   | Gained mutation: You are frail. (-10% HP) [potion of mutation]
 12482 | Lair:1   | Gained mutation: You have a moderately thin skeletal structure. (Dex +4, Stealth+) [potion of mutation]
 12857 | Lair:1   | Reached XP level 12. HP: 55/63 MP: 17/17
 13088 | Lair:1   | Reached skill level 11 in Maces & Flails
 13717 | Lair:2   | Reached skill level 1 in Dodging
 13816 | Lair:2   | Noticed Harold
 13978 | Lair:2   | Found a hole to the Spider Nest.
 14214 | Lair:2   | Killed Harold
 14256 | Lair:2   | Reached skill level 5 in Dodging
 16023 | Lair:3   | Reached XP level 13. HP: 68/68 MP: 18/18
 16692 | Lair:4   | Reached skill level 10 in Armour
 17456 | Lair:4   | Found an opulent altar of Gozag.
 17615 | Lair:4   | Found a staircase to the Shoals.
 17853 | Lair:4   | Reached skill level 1 in Throwing
 18689 | Lair:5   | Found a viscous altar of Jiyva.
 18690 | Lair:5   | Found a staircase to the Slime Pits.
 18903 | Lair:6   | Entered Level 6 of the Lair of Beasts
 19260 | Lair:6   | Reached skill level 12 in Maces & Flails
 19265 | Lair:6   | Gained mutation: Your large and strong wings let you fly indefinitely. [Gargoyle growth]
 19265 | Lair:6   | Reached XP level 14. HP: 50/77 MP: 7/20
 20223 | D:5      | Bought a scroll labeled BOQEXUL BOCWIMP for 26 gold pieces
 20223 | D:5      | Bought a scroll labeled RACIZIC ZURUH for 26 gold pieces
 20223 | D:5      | Bought a granite ring for 130 gold pieces
 20223 | D:5      | Bought a shiny granite ring for 130 gold pieces
 20444 | Lair:1   | Learned a level 3 spell: Conjure Flame
 20707 | D:5      | Reached skill level 5 in Shields
 22648 | D:11     | Found Ebulel's Food Shoppe.
 22791 | D:12     | Got a smoking halberd
 22798 | D:12     | Identified the +6 halberd "Impslayer" {antimagic, rF+ Str-5 Int+3} (You found it on level 12 of the Dungeon)
 22829 | D:12     | Got a ruby-encrusted chain mail
 22851 | D:12     | Identified the +7 chain mail of Baldness {rPois rCorr Str-5 Dex-5} (You found it on level 12 of the Dungeon)
 23050 | D:12     | Noticed Nergalle
 23077 | D:12     | Killed Nergalle
 23349 | D:12     | Noticed Urug
 23366 | D:12     | Killed Urug
 23366 | D:12     | Reached skill level 1 in Conjurations
 23467 | D:12     | Found a staircase to the Orcish Mines.
 23773 | Orc:1    | Entered Level 1 of the Orcish Mines
 23773 | Orc:1    | Noticed an orc warlord
 23781 | Orc:1    | Slain by an orc warrior

Skill      XL: |  1  2  3  4  5  6  7  8  9 10 11 12 13 14 |
---------------+-------------------------------------------+-----
Maces & Flails | 3 4 5 10 11 12 | 12.5
Invocations    | 3 4 5 7 9 |  9.0
Armour         | 7 9 10 | 10.7
Summonings     | 5 8 |  8.5
Fighting       | 4 6 9 |  9.2
Evocations     | 6 |  6.9
Dodging        | 6 |  6.0
Throwing       | 4 |  4.1
Shields        | 9 |  9.0
Conjurations   | 3 |  3.0

Action                   |  1- 3 |  4- 6 |  7- 9 | 10-12 | 13-15 || total
-------------------------+-------+-------+-------+-------+-------++-------
Melee: Flail             |    96 |       |   239 |   747 |   637 ||  1719
       Mace              |    31 |   158 |   200 |       |    26 ||   415
 Fire: Hunting sling     |       |    23 |    17 |       |       ||    40
       Blowgun           |       |       |       |     8 |    29 ||    37
Throw: Tomahawk          |       |     1 |       |       |       ||     1
       Javelin           |       |       |       |     8 |    29 ||    37
 Cast: Summon Butterflie |       |       |     1 |     1 |       ||     2
Invok: Stomp             |     1 |     7 |    26 |    33 |    47 ||   114
       Line Pass         |       |     1 |     6 |     7 |     2 ||    16
 Abil: Fly               |       |       |       |       |     1 ||     1
Evoke: Wand              |       |       |     1 |    42 |    16 ||    59
       Lightning rod     |       |       |       |       |     3 ||     3
  Use: Scroll            |     3 |     6 |     9 |     7 |     7 ||    32
       Potion            |       |     2 |     4 |     3 |       ||     9
 Stab: Paralysed         |       |       |     8 |    48 |    31 ||    87
       Confused          |       |       |     1 |     4 |     2 ||     7
       Sleeping          |       |       |       |     1 |       ||     1
       Distracted        |       |       |       |       |     1 ||     1
       Petrified         |       |       |       |       |     1 ||     1
  Eat: Chunk             |     2 |     7 |    13 |    27 |    26 ||    75
       Royal jelly       |       |       |     1 |     2 |     1 ||     4
       Fruit             |       |       |     2 |     1 |     3 ||     6
       Meat ration       |       |       |     1 |       |       ||     1
       Bread ration      |       |       |       |     2 |       ||     2
Armor: Scale mail        |    49 |    70 |   155 |       |       ||   274
       Ring mail         |       |       |    61 |   393 |   271 ||   725
Dodge: Dodged            |    40 |    41 |   127 |   242 |   253 ||   703
Block: Shield            |    51 |    79 |   185 |   310 |   391 ||  1016
       Reflection        |       |       |       |       |     3 ||     3
       Rpst.: Flail      |       |       |       |       |    48 ||    48
